AoeStats
← adrifer87

Arena

506728200Analyzed
3v3 RM · 18d ago on Sep 14, 2026· 52m 2s· 6 players
Game mode
Random Map
Map size
Normal (6 player)
Population
200
Speed
Normal
Resources
Standard
Victory
Conquest
Starting age
Dark Age
Ending age
Imperial Age
RankedLock teamsTeams togetherTeam positionsShared explorationLock speedFull tech treeHidden civsTurbo modeCheats
Victory
Defeat
🇵🇪 Huns · Peru
903
+12
🇦🇷 Byzantines · Argentina
887
+12
🇵🇪 Poles · Peru
719
+18
🇨🇱 Vietnamese · Chile
812
-15
🇺🇸 Romans · United States
802
-14
🇲🇽 Bohemians · Mexico
776
-13
RogueShelf83664
0:29 Loom
12:35 Feudal Age
13:08 Horse Collar
13:20 Double-Bit Axe
14:17 Wheelbarrow
23:12 Castle Age
24:00 Heavy Plow
24:12 Bow Saw
27:51 Hand Cart
30:46 Pikeman
31:27 Squires
35:09 Caravan
40:43 Imperial Age
Viejo
9:30 Feudal Age
10:11 Horse Collar
12:12 Double-Bit Axe
18:47 Castle Age
17:44 Stone Mining
17:45 Gold Mining
19:50 Bow Saw
19:41 Heavy Plow
21:34 Thumb Ring
22:36 Crossbowman
23:10 Fletching
23:22 Padded Archer Armor
24:20 Caravan
26:01 Bodkin Arrow
26:21 Leather Archer Armor
30:26 Wheelbarrow
30:08 Treadmill Crane
30:54 Ballistics
32:03 Hand Cart
34:34 Imperial Age
33:25 Treadmill Crane
34:47 Capped Ram
35:53 Paper Money
36:43 Bracer
39:22 Ring Archer Armor
39:54 Chemistry
38:27 Arbalester
41:29 Elite Rattan Archer
45:41 Two-Man Saw
CALLATEprr@
0:57 Loom
11:30 Feudal Age
12:42 Feudal Age
14:00 Man-at-Arms
21:28 Castle Age
19:22 Double-Bit Axe
21:05 Horse Collar
23:05 Bow Saw
23:34 Long Swordsman
24:15 Squires
24:02 Arson
25:41 Heavy Plow
26:26 Pikeman
36:30 Wagenburg Tactics
42:07 Imperial Age
40:13 Wheelbarrow
39:24 Town Watch
41:34 Hand Cart
41:19 Town Patrol
adrifer87
0:26 Loom
12:39 Feudal Age
13:14 Horse Collar
13:20 Double-Bit Axe
23:44 Castle Age
22:10 Scale Mail Armor
22:17 Fletching
22:25 Gold Mining
22:42 Stone Mining
22:44 Fletching
25:08 Bow Saw
25:08 Heavy Plow
30:39 Imperial Age
28:52 Forging
28:43 Padded Archer Armor
29:08 Ballistics
28:35 Pikeman
28:36 Crossbowman
29:59 Wheelbarrow
31:24 Iron Casting
30:45 Bodkin Arrow
31:08 Chain Mail Armor
31:48 Thumb Ring
33:55 Leather Archer Armor
33:40 Bracer
33:02 Elite Skirmisher
33:05 Arbalester
35:19 Ring Archer Armor
36:50 Chemistry
37:41 Hand Cart
38:15 Gold Shaft Mining
38:12 Crop Rotation
39:20 Plate Mail Armor
38:56 Scale Barding Armor
39:33 Conscription
39:58 Treadmill Crane
40:29 Fortified Wall
45:41 Two-Man Saw
45:29 Chain Barding Armor
47:05 Caravan
47:35 Coinage
47:16 Guilds
47:45 Plate Barding Armor
Crazy
9:07 Feudal Age
9:36 Double-Bit Axe
9:32 Horse Collar
17:40 Castle Age
17:01 Loom
17:27 Gold Mining
18:53 Wheelbarrow
19:45 Loom
22:08 Stone Mining
23:17 Heavy Plow
24:34 Stone Shaft Mining
25:22 Bow Saw
26:01 Bow Saw
26:22 Bloodlines
29:14 Husbandry
30:00 Hand Cart
31:15 Town Watch
34:09 Imperial Age
32:49 Scale Barding Armor
33:23 Town Patrol
33:53 Chain Barding Armor
33:45 Forging
34:59 Szlachta Privileges
35:17 Conscription
34:27 Cavalier
35:59 Crop Rotation
35:40 Light Cavalry
37:44 Lechitic Legacy
38:04 Iron Casting
37:10 Winged Hussar
40:33 Blast Furnace
edu_16av
2:01 Loom
8:54 Feudal Age
9:22 Double-Bit Axe
9:23 Horse Collar
18:53 Castle Age
17:28 Stone Mining
17:57 Padded Archer Armor
20:02 Squires
21:52 Town Watch
23:12 Bow Saw
27:26 Marauders
27:40 Fletching
28:25 Murder Holes
29:36 Bodkin Arrow
30:18 Ballistics
32:46 Gold Mining
36:01 Imperial Age
34:13 Wheelbarrow
33:42 Town Patrol
33:35 Elite Skirmisher
35:47 Leather Archer Armor
37:02 Hand Cart
37:09 Conscription
37:01 Heavy Cavalry Archer
38:06 Parthian Tactics
37:50 Bracer
39:40 Scale Barding Armor
39:47 Forging
39:02 Elite Tarkan
39:38 Light Cavalry
40:28 Bloodlines
40:48 Caravan
42:04 Hussar
44:14 Two-Man Saw
47:24 Chemistry
Connection lost

Rejoining the realm…

Still unreachable

The connection could not be restored.

Session expired

The server has moved on; the page needs a fresh start.